 Dungeon Crawl Stone Soup version 0.31-a0-920-g28cbb04a8c (webtiles) character file.

Game seed: 3830733123111460124

9 Fodor the Trooper (level 2, 0/27 HPs)
             Began as a Minotaur Fighter on Oct 17, 2023.
             Slain by Sigmund
             ... wielding a +0 scythe
              (7 damage)
             ... on level 2 of the Dungeon.
             The game lasted 00:02:00 (335 turns).

Fodor the Trooper (Minotaur Fighter)                 Turns: 335, Time: 00:02:01

Health: 0/27       AC:  7    Str: 20    XL:     2   Next: 3%
Magic:  1/1        EV:  9    Int:  5    God:
Gold:   39         SH:  0    Dex:  9    Spells: 1/1 levels left

rFire   . . .        j - +0 glaive
rCold   . . .        (shield currently unavailable)
rNeg    . . .        b - +0 scale mail
rPois   .            (helmet restricted)
rElec   .            (no cloak)
rCorr   .            (no gloves)
SInv    .            (no boots)
Will    .....        (no amulet) Stlth
                     (no ring)
HPRegen 0.24/turn    (no ring)
MPRegen 0.07/turn

%: no passive effects
@: no status effects
A: horns 2, retaliatory headbutt
a: no special abilities


You were on level 2 of the Dungeon.
You visited 1 branch of the dungeon, and saw 2 of its levels.

You collected 39 gold pieces.

Inventory:

Hand Weapons
 a - a +0 long sword
 j - a +0 glaive (weapon)
Armour
 b - a +0 scale mail (worn)
 c - a +0 tower shield
Scrolls
 e - a scroll of identify {unknown}
 h - a scroll of noise {unknown}
 k - 3 scrolls of silence {unknown}
Potions
 d - 2 potions of might
 f - a potion of curing {unknown}
 g - a potion of brilliance {unknown}
 i - a potion of ambrosia {unknown}


   Skills:
 + Level 3.9 Fighting
 + Level 2.5 Long Blades
 + Level 3.8 Armour
 + Level 3.8 Shields


You had one spell level left.
You didn't know any spells.
Your spell library was empty.

Dungeon Overview and Level Annotations

Branches:
Dungeon (1/15)

Altars:

Annotations:
D:2 Sigmund


Innate Abilities, Weirdness & Mutations

You have a pair of horns on your head.
You reflexively headbutt those who attack you in melee.


Message History

You see here 6 stones.
Found 2 large rocks.
You now have 39 gold pieces (gained 16).
Things that are here:
a +0 dagger; a kobold corpse A malevolent force fills the Dungeon...
You fall into a shaft and drop 1 floor!
The shaft crumbles and collapses.
Found a barding.
Found a stone.
A frilled lizard comes into view.
Sigmund the Dreaded comes into view.
He is wielding a +0 scythe.
Sigmund shouts!
Sigmund mumbles some strange words.
Sigmund flickers and vanishes!
Deactivating autopickup; reactivate with Ctrl-A.
You hear an angry hiss.
Found 5 gold pieces.
The frilled lizard completely misses you.
You furiously retaliate!
You headbutt the frilled lizard.
You kill the frilled lizard!
An adder comes into view.
Something hits you.
You see here a stone.
Something hits you but does no damage. The adder bites you but does no damage.
Something hits you but does no damage.
You barely miss the adder. The adder bites you.
The adder bites you but does no damage. Something hits you.
You closely miss the adder. The adder completely misses you.
The adder bites you but does no damage. Something hits you!
The adder barely misses you.
You closely miss the adder. The adder bites you but does no damage.
Something hits you!
* * * LOW HITPOINT WARNING * * *
The adder bites you but does no damage.
You closely miss the adder. The adder closely misses you.
Something hits you but does no damage. The adder closely misses you.
You closely miss the adder. The adder bites you but does no damage.
Something hits you!
You die...

#...# #...#
##...# 8...8 ##
#...# ##
###8##$..##8###8
........S.......
.......⌠@.......
......{.........
##8##.(.##8###8
##[..## #
#8...8# ##...##
#...# ##...##
#8...8#


You could see an adder.

Vanquished Creatures
  2 goblins (D:1)
  A hobgoblin (D:1)
  4 frilled lizards
  2 kobolds (D:1)
9 creatures vanquished.

Notes
Turn   | Place    | Note
-------+----------+-------------------------------------------
     0 | D:1      | Fodor the Minotaur Fighter began the quest for the Orb.
     0 | D:1      | Reached XP level 1. HP: 19/19 MP: 0/0
   309 | D:1      | Reached XP level 2. HP: 27/27 MP: 1/1
   317 | D:1      | You fall into a shaft and drop 1 floor!
   324 | D:2      | Noticed Sigmund
   335 | D:2      | Slain by Sigmund

Illustrated notes

Levels and vault maps discovered:
D:1:      dpeg_arrival_simpleton_c, layout_rooms
D:2:      layout_basic, serial_corexii_hall, corexii_hall_statues_t,
          corexii_hall_statues_l, corexii_hall_statues_x,
          chequers_hall_statues_corner_a, basic_altar, solitary_fountain,
          uniq_sigmund, uniq_natasha

Action                     || total
---------------------------++-------
  Melee: Long sword        ||    17
         Headbutt          ||     3
         Glaive            ||     6
 Armour: Scale mail        ||    26
  Dodge: Dodged            ||    13
  Block: Buckler           ||     3

Table legend: (Time is in decaauts)
 A = Elapsed time spent in this place.
 B = Non-inter-level travel time spent in this place.
 C = Inter-level travel time spent in this place.
 D = Time resting spent in this place.
 E = Time spent auto-exploring this place.
 F = Levels seen in this place.
 G = Mean time per level.
                   A        B        C        D        E       F      G
               +--------+--------+--------+--------+--------+-----+--------+
         Total |    342 |    342 |      0 |      0 |      0 |   2 |  171.0 |
       Dungeon |    342 |    342 |      0 |      0 |      0 |   2 |  171.0 |
               +--------+--------+--------+--------+--------+-----+--------+

Top non-repeatable levels by time:
     D:1: 322 daAuts
     D:2: 20 daAuts
